 Dungeon Crawl Stone Soup version 0.20.1-1-g8b1a95d (webtiles) character file.

3824 Knicklaso the Chopper (level 9, -1/69 HPs)
             Began as a Demonspawn Chaos Knight on July 23, 2017.
             Slain by a hornet (9 damage)
             ... on level 7 of the Dungeon.
             The game lasted 00:17:22 (7037 turns).

Knicklaso the Chopper (Demonspawn Chaos Knight)     Turns: 7037, Time: 00:17:24

Health: -1/69      AC: 10    Str: 16    XL:     9   Next: 97%
Magic:  33/33      EV: 13    Int: 17    God:    Xom [...*..]
Gold:   607        SH:  6    Dex: 11    Spells: 13/16 levels left

rFire    + . .     SeeInvis .   O - +8 hand crossbow "Douzog" {chaos, rElec rF+ MP+9}
rCold    . . .     Gourm    .   (no shield)
rNeg     . . .     Faith    .   b - +2 leather armour
rPois    .         Spirit   .   o - +2 hat
rElec    +         Reflect  .   E - scarf {repulsion}
rCorr    .         Harm     .   (no gloves)
MR       .....                  D - +2 pair of boots
Stlth    ++++......             (no amulet)
Regen    0.3/turn               g - +6 ring of intelligence
MPRegen  0.3/turn               h - ring of magical power

@: hasted and slowed, repel missiles
A: claws 1, talons 1, large bone plates 2, clumsy 1, dopey 1, mutation
resistance 1, nightstalker 2
a: Renounce Religion


You were on level 7 of the Dungeon.
You worshipped Xom.
You were a favourite toy of Xom.
You were not hungry.

You visited 1 branch of the dungeon, and saw 7 of its levels.
You also visited: Ossuary.

You collected 607 gold pieces.

Inventory:

Hand Weapons
 a - a +0 hand axe of chaos
 O - the +8 hand crossbow "Douzog" (weapon) {chaos, rElec rF+ MP+9}
   (Xom gifted it to you on level 5 of the Dungeon)

   Each projectile launched from it has a different, random effect.
   It protects you from fire.
   It insulates you from electricity.
   It affects your magic capacity (+9).
Missiles
 P - 8 bolts (quivered)
Armour
 b - a +2 leather armour (worn)
 o - a +2 hat (worn)
 D - a +2 pair of boots (worn)
 E - a scarf of repulsion (worn)
 Q - a +1 pair of boots
 T - a +2 cloak
Magical Staves
 B - an uncursed staff of energy {unknown}
Jewellery
 g - a +6 ring of intelligence (left claw)
 h - a ring of magical power (right claw)
 t - an uncursed ring of see invisible {unknown}
 x - an uncursed ring of wizardry {unknown}
 U - an uncursed amulet of harm {unknown}
Wands
 q - a wand of polymorph (15/24)
 y - a wand of disintegration (6/24)
 H - a wand of random effects (21/48)
Scrolls
 e - 3 scrolls of teleportation {unknown}
 f - 3 scrolls of amnesia {unknown}
 j - 2 scrolls of immolation {unknown}
 k - 6 scrolls of identify {unknown}
 m - 2 scrolls of remove curse {unknown}
 n - 3 scrolls of enchant armour {unknown}
 r - a scroll of fear {unknown}
 s - a scroll of magic mapping {unknown}
 v - a scroll of enchant weapon {unknown}
 M - 2 scrolls of fog {unknown}
 R - a scroll of holy word {unknown}
Potions
 i - 5 potions of flight
 p - 4 potions of curing
 u - 2 potions of berserk rage
 w - 3 potions of magic {unknown}
 z - 3 potions of lignification {unknown}
 A - a potion of degeneration {unknown}
 F - 5 potions of heal wounds {unknown}
 I - a potion of cancellation
 J - a potion of might {unknown}
 K - a potion of ambrosia {unknown}
 L - 2 potions of invisibility {unknown}
 N - a potion of agility {unknown}
Books
 C - a book of the Warp

   Spells                             Type                      Level
   a - Gell's Gravitas                Translocation                3
   b - Portal Projectile              Hexes/Translocation          3
   c - Force Lance                    Conjuration/Translocation    4
   d - Dispersal                      Translocation                6
   e - Controlled Blink               Translocation                8
   f - Disjunction                    Translocation                8
Comestibles
 c - 5 bread rations
 d - 3 royal jellies
 l - 4 meat rations


   Skills:
 + Level 6.2 Fighting
 * Level 7.6 Axes
 * Level 3.8 Crossbows
 + Level 4.7 Armour
 + Level 4.3 Dodging
 - Level 2.3 Stealth
 + Level 4.0 Spellcasting
 + Level 4.3 Evocations


You had 13 spell levels left.
You knew the following spells:

 Your Spells              Type           Power        Failure   Level  Hunger
a - Gell's Gravitas       Tloc           #.........   50%         3    ###....


Dungeon Overview and Level Annotations

Branches:
Dungeon (7/15)             Temple (0/1) D:4

Altars:
Xom


Innate Abilities, Weirdness & Mutations

You have sharp fingernails.
You are mostly covered in large bone plates. (SH +6)
You are significantly more attuned to the shadows.
You have sharp toenails.
You are clumsy. (Dex -2)
You are dopey. (Int -2)
You are somewhat resistant to further mutation.


Message History

You are more poisoned.
You feel as though you will be slow longer.
Something hits you but does no damage.
You can move again.
A gnoll comes into view. It is wielding a whip.
You feel better.
You hear Xom's avuncular chuckle.
The hornet stings you!
* * * LOW HITPOINT WARNING * * *
You feel as though you will be slow longer.
The gnoll moves out of view.
The hornet stings you but does no damage.
The gnoll barely misses you.
You feel yourself speed up.
Xom smirks.
You detect creatures!
The hornet barely misses you. x2
The gnoll barely misses you. The gnoll hits you but does no damage.
The hornet stings you!
You die...
Xom laughs nastily! g

.....(( ....((##
....((.##
#.(g(..# #.#.yg#
#.##@# #.##(#
##.##(# ##.#.#(#
#.###.###..##
#....## ##..#
#####.###...####
##.#........
#####
#######.##..###
.....


You could see a hornet and 2 gnolls.

Vanquished Creatures
  A two-headed ogre (D:5)
  Joseph (D:7)
  Grinder (D:4)
  A hornet (D:7)
  A black bear (D:6)
  3 ice beasts (D:6)
  A phantom (D:4)
  2 centaurs
  3 ogres
  A bullfrog (D:6)
  A water moccasin zombie (D:6)
  2 scorpions
  3 howler monkeys (D:7)
  A howler monkey (shapeshifter) (D:4)
  3 crimson imps
  3 orc priests
  3 hounds
  Crazy Yiuf (D:5)
  A centaur skeleton (D:6)
  3 orc wizards
  2 gnoll shamans
  An iguana (D:4)
  5 worker ants
  A killer bee zombie (D:5)
  8 mummies (Ossuary)
  10 gnolls
  A howler monkey skeleton (D:5)
  An adder (shapeshifter) (D:3)
  8 adders
  A shadow imp (D:5)
  An ooze (D:6)
  An adder skeleton (D:4)
  4 dart slugs
  6 leopard geckos
  13 orcs
  3 ball pythons
  5 bats
  4 giant cockroaches
  2 gnoll zombies (Ossuary)
  9 goblins
  7 hobgoblins
  11 jackals
  8 kobolds
  2 quokkas
  4 frilled lizards
  3 hobgoblin zombies (Ossuary)
  A jackal skeleton (D:7)
  3 kobold zombies (Ossuary)
  2 rats
163 creatures vanquished.

Vanquished Creatures (collateral kills)
  A sky beast (D:5)
  A phantom (D:5)
  A howler monkey (D:5)
  A crimson imp (D:5)
  An iguana (D:5)
  3 orcs (D:5)
8 creatures vanquished.

Vanquished Creatures (others)
  A quokka (D:4)
1 creature vanquished.

Grand Total: 172 creatures vanquished

Notes
Turn   | Place    | Note
-------+----------+-------------------------------------------
     0 | D:1      | Knicklaso the Demonspawn Chaos Knight began the quest for the Orb.
     0 | D:1      | Reached XP level 1. HP: 18/18 MP: 1/1
    96 | D:1      | Gained mutation: You are slightly more attuned to the shadows. [demonic ancestry]
    96 | D:1      | Reached XP level 2. HP: 15/24 MP: 2/2
   165 | D:1      | XOM: summons 1 hostile demon
   166 | D:1      | Noticed a crimson imp
   205 | D:1      | XOM: mild Ice miscast
   351 | D:1      | Reached skill level 3 in Axes
   494 | D:1      | XOM: scenery: create altars
   510 | D:1      | Reached XP level 3. HP: 26/29 MP: 3/3
   579 | D:2      | XOM: god gift: bread ration
   601 | D:2      | XOM: scenery: 2 doors open
   871 | D:2      | XOM: scenery: create altars
   955 | D:2      | Reached skill level 1 in Dodging
   969 | D:2      | Gained mutation: You are partially covered in large bone plates. (SH +4) [demonic ancestry]
   969 | D:2      | Reached XP level 4. HP: 36/37 MP: 4/4
  1186 | D:2      | XOM: cast spell 'Call Canine Familiar'
  1192 | D:2      | Reached skill level 1 in Stealth
  1435 | D:2      | XOM: scenery: 1 doors close
  2214 | D:3      | XOM: 8-stop teleportation journey
  2248 | D:3      | Reached skill level 4 in Axes
  2379 | D:3      | Found a faded altar of an unknown god.
  2431 | D:3      | Reached XP level 5. HP: 42/42 MP: 5/5
  2442 | D:3      | XOM: divination: detect items
  2868 | D:4      | XOM: give mutation
  2868 | D:4      | Gained mutation: You are robust. (+10% HP) [Xom's grace]
  2886 | D:4      | Noticed Grinder
  2904 | D:4      | XOM: smoke on damage
  2911 | D:4      | XOM: destruction
  2912 | D:4      | Killed Grinder
  2912 | D:4      | Gained mutation: You are mostly covered in large bone plates. (SH +6) [demonic ancestry]
  2912 | D:4      | Reached XP level 6. HP: 19/52 MP: 6/6
  2966 | D:4      | XOM: divination: detect creatures
  2980 | D:4      | XOM: mild Tmut miscast
  3086 | D:4      | Found a staircase to the Ecumenical Temple.
  3129 | D:4      | Learned a level 3 spell: Gell's Gravitas
  3158 | D:4      | Reached skill level 5 in Axes
  3319 | D:4      | XOM: divination: magic mapping
  3329 | D:4      | XOM: noise
  3331 | D:4      | XOM: cast spell 'Disjunction'
  3360 | D:4      | Gained mutation: You are significantly more attuned to the shadows. [demonic ancestry]
  3360 | D:4      | Reached XP level 7. HP: 32/60 MP: 7/7
  3363 | D:4      | Reached skill level 1 in Evocations
  3368 | D:4      | XOM: enchant monster (good)
  3371 | D:4      | Reached skill level 1 in Spellcasting
  3452 | D:4      | XOM: mild Erth miscast
  3573 | D:4      | XOM: blink monster(s)
  3723 | D:4      | XOM: medium Tloc miscast
  3735 | D:4      | XOM: give mutations
  3735 | D:4      | Gained mutation: You are dopey. (Int -2) [Xom's mischief]
  3735 | D:4      | Lost mutation: You are robust. (+10% HP) [Xom's mischief]
  3735 | D:4      | Gained mutation: You are clumsy. (Dex -2) [Xom's mischief]
  3833 | D:4      | XOM: harmless Tloc miscast
  3982 | D:4      | XOM: divination: detect items
  4259 | D:4      | Got a jewelled glaive
  4553 | D:5      | Entered Level 5 of the Dungeon
  4555 | D:5      | XOM: confuse monster(s)
  4577 | D:5      | XOM: summons friendly white imp
  4598 | D:5      | XOM: cast spell 'Call Canine Familiar'
  4673 | D:5      | Gained mutation: You have sharp fingernails. [demonic ancestry]
  4673 | D:5      | Reached XP level 8. HP: 58/61 MP: 10/10
  4704 | D:5      | Reached skill level 5 in Fighting
  4707 | D:5      | Gained mutation: You are resistant to hostile enchantments. (MR+) [mutagenic meat]
  4708 | D:5      | Gained mutation: You are somewhat resistant to further mutation. [mutagenic meat]
  4709 | D:5      | Lost mutation: You are resistant to hostile enchantments. (MR+) [mutagenic meat]
  4878 | D:5      | XOM: give mutation
  4878 | D:5      | Gained mutation: You have sharp toenails. [Xom's grace]
  4914 | D:5      | Found a sand-covered staircase.
  4924 | D:5      | Reached skill level 6 in Axes
  4931 | Ossuary  | Entered an ossuary
  5449 | D:5      | XOM: god gift: scorched hand crossbow {god gift}
  5450 | D:5      | Got a scorched hand crossbow {god gift}
  5451 | D:5      | Identified the +8 hand crossbow "Douzog" {chaos, rElec rF+ MP+9} (Xom gifted it to you on level 5 of the Dungeon)
  5689 | D:5      | Found a runed door.
  5693 | D:5      | Noticed Crazy Yiuf
  5695 | D:5      | Killed Crazy Yiuf
  5757 | D:5      | Noticed a two-headed ogre
  5762 | D:5      | XOM: enchant monster (good)
  5765 | D:5      | Killed a two-headed ogre
  5765 | D:5      | Reached XP level 9. HP: 69/69 MP: 13/13
  6134 | D:6      | Reached skill level 7 in Axes
  7006 | D:7      | Noticed Joseph
  7015 | D:7      | Killed Joseph
  7033 | D:7      | Paralysed by a hornet for 3 turns
  7036 | D:7      | XOM: enchant monster (good)
  7037 | D:7      | XOM: divination: detect creatures
  7037 | D:7      | Slain by a hornet

Skill      XL: |  1  2  3  4  5  6  7  8  9 |
---------------+----------------------------+-----
Axes           | 3 4 5 6 7 |  7.6
Dodging        | 1 2 3 4 |  4.3
Armour         | 2 3 4 |  4.7
Stealth        | 1 2 |  2.3
Fighting       | 4 5 6 |  6.2
Evocations     | 2 3 4 |  4.3
Spellcasting   | 1 3 4 |  4.0
Crossbows      | 2 3 |  3.8

Action                   |  1- 3 |  4- 6 |  7- 9 || total
-------------------------+-------+-------+-------++-------
Melee: Hand axe          |   107 |   156 |   203 ||   466
 Fire: Hand crossbow     |       |       |   150 ||   150
  Use: Potion            |       |     3 |     2 ||     5
 Stab: Sleeping          |     7 |     4 |     1 ||    12
       Confused          |     1 |       |     3 ||     4
       Paralysed         |       |       |     3 ||     3
  Eat: Chunk             |       |     7 |    15 ||    22
       Royal jelly       |       |       |     1 ||     1
Armor: Leather armour    |    43 |    30 |    46 ||   119
       Plate armour      |       |    32 |       ||    32
Dodge: Dodged            |    48 |    63 |   102 ||   213
       Deflected         |       |       |     3 ||     3
Block: Other             |       |    27 |    57 ||    84
